 Dungeon Crawl Stone Soup version 0.27-a0-380-g150de4c316 (console) character file.

Game seed: 186886285299672561

183826 jejorda2 the Executioner (level 18, -8/161 HPs)
             Began as a Hill Orc Berserker on Feb 16, 2021.
             Was the Champion of Trog.
             Killed from afar by Mara (33 damage)
             ... with a bolt of fire
             ... on level 4 of the Snake Pit on Feb 17, 2021.
             The game lasted 01:41:18 (36310 turns).

jejorda2 the Executioner (Hill Orc Berserker)      Turns: 36310, Time: 01:41:19

Health: -8/161     AC: 48    Str: 27    XL:     18   Next: 38%
Magic:  0/6        EV: 12    Int:  8    God:    Trog [******]
Gold:   1566       SH:  0    Dex: 11    Spells: 17/17 levels left

rFire    . . .     SeeInvis +   w - +7 executioner's axe (antimagic)
rCold    + . .     Faith    .   (shield currently unavailable)
rNeg     + + .     Spirit   +   y - +9 crystal plate armour "Put-Me-On" {+Fly rN+ rCorr Int+2}
rPois    +         Reflect  .   Z - +2 helmet
rElec    .         Harm     .   V - +2 ratskin cloak {*Rats rPois rN+ Str-1 Int-1 Dex+1}
rCorr    +         Rampage  .   i - +1 pair of gloves
Will     +....                  e - +2 pair of boots
Stlth    ..........             I - amulet of Yrhukuud {Spirit +Inv rC+ Stlth-}
HPRegen  0.36/turn              T - +4 ring of evasion
MPRegen  0.10/turn              z - ring of see invisible

@: lethally poisoned (-8 -> -9), berserk cooldown, slowed, studying Staves, very
slow
A: molten scales 1, no potion heal 1
a: Renounce Religion, Evoke Invisibility, Evoke Flight, Berserk, Trog's Hand,
Brothers in Arms


You were on level 4 of the Snake Pit.
You worshipped Trog.
Trog was exalted by your worship.
You visited 4 branches of the dungeon, and saw 27 of its levels.
You also visited: Ossuary, Bailey and Ice Cave.

You collected 4253 gold pieces.
You spent 2687 gold pieces at shops.

Inventory:

Hand Weapons
 a - a +1 vorpal executioner's axe
 b - a +2 arbalest of freezing
 l - a +3 vorpal battleaxe
 w - a +7 antimagic executioner's axe (weapon)
 W - the +3 battleaxe of Slow Death {flame, rN+ Will+}
   (Trog gifted it to you in a bailey)

   It has been specially enchanted to burn those struck by it, causing extra
   injury to most foes and up to half again as much damage against particularly
   susceptible opponents.
   Big, fiery blades are also staple armaments of hydra-hunters.
   It protects you from negative energy.
   It affects your willpower, your defense against some magical effects.
Missiles
 c - 36 poisoned darts (quivered)
 o - 5 throwing nets
 N - 339 bolts
Armour
 e - a +2 pair of boots (worn)
 i - a +1 pair of gloves (worn)
 y - the +9 crystal plate armour "Put-Me-On" (worn) {+Fly rN+ rCorr Int+2}
   (You acquired it on level 2 of the Orcish Mines)

   It affects your intelligence (+2).
   It protects you from negative energy.
   It lets you fly.
   It provides partial protection from all sources of acid and corrosion.
 V - the +2 ratskin cloak (worn) {*Rats rPois rN+ Str-1 Int-1 Dex+1}
   (You found it on level 12 of the Dungeon)

   It affects your strength (-1).
   It affects your intelligence (-1).
   It affects your dexterity (+1).
   It protects you from poison.
   It protects you from negative energy.
 Z - a +2 helmet (worn)
Jewellery
 n - a ring of protection from fire
 z - a ring of see invisible (right hand)
 A - an amulet of magic regeneration
 E - a ring of willpower
 I - the amulet of Yrhukuud (around neck) {Spirit +Inv rC+ Stlth-}
   (You found it on level 10 of the Dungeon)

   [amulet of guardian spirit]

   It causes incoming damage to be split between your health and magic.
   It protects you from cold.
   It lets you turn invisible.
   It makes you less stealthy.
 T - a +4 ring of evasion (left hand)
Wands
 d - a wand of digging (12)
 p - a wand of charming (3)
 C - a wand of paralysis (18)
 G - a wand of mindburst (35)
 J - a wand of flame (41)
 L - a wand of iceblast (25)
 P - a wand of acid (12)
 U - a wand of polymorph (11)
Scrolls
 h - 14 scrolls of teleportation
 j - a scroll of holy word
 q - 5 scrolls of blinking
 u - 26 scrolls of identify
 B - 2 scrolls of fog
 D - 5 scrolls of magic mapping
 Q - 2 scrolls of fear
Potions
 f - 5 potions of haste
 k - 6 potions of lignification
 m - a potion of resistance
 r - a potion of magic
 s - 7 potions of cancellation
 t - 5 potions of might
 v - 4 potions of attraction
 x - 4 potions of invisibility
 F - 19 potions of curing
 H - 10 potions of heal wounds
 M - 2 potions of mutation
 R - a potion of flight
 X - a potion of ambrosia
Miscellaneous
 g - a condenser vane
 K - a lightning rod (4/4)
 S - a phantom mirror
 Y - a phial of floods


   Skills:
 - Level 14.6 Fighting
 - Level 26.0 Axes
 * Level 6.8 Crossbows
 + Level 14.9 Armour
 + Level 6.6 Dodging
 - Level 7.0 Evocations


You had 17 spell levels left.
You didn't know any spells.
Your spell library was empty.

Dungeon Overview and Level Annotations

Branches:
Dungeon (15/15)            Temple (0/1) D:5            Lair (6/6) D:9
  Swamp (0/4) Lair:3        Snake (4/4) Lair:4        Slime (0/5) Lair:5
    Orc (2/2) D:9             Elf (0/3) Orc:2        Vaults (0/5) D:13
 Depths (0/5) D:15        Ossuary (visited)          Bailey (visited)
  IceCv (visited)

Altars:
Ashenzari
Dithmenos
Elyvilon
Fedhas
Kikubaaqudgha
Makhleb
Nemelex Xobeh
Okawaru
Sif Muna
Uskayaw
Vehumet
Wu Jian
Xom
Yredelemnul
Zin
The Shining One
Jiyva

Shops:
D:5 ?   Orc:1 =[!   Orc:2 **??   Snake:3 [

Annotations:
Lair:4 3 runed translucent doors, runemage's ghost, journeyman GnFi
Snake:4 Mara


Innate Abilities, Weirdness & Mutations

You are partially covered in molten scales. (AC +2)
Potions are less effective at restoring your health.


Message History

Mara is severely wounded.
You miss Mara. You slash the naga mage!
You kill the naga mage!
Trog accepts your kill.
Trog appreciates your killing of a magic user.
You slash jejorda2's illusion!
Your surroundings suddenly seem different.
You feel sick.
Unknown command.
Unknown command.
You feel sick.
Found a stone staircase leading up.
You feel sick.
You feel sick.
You feel sick.
You hear a shout!
You feel sick.
You feel the effects of Trog's Hand fading.
You feel sick.
You feel sick.
Your troll bites the troll!!
The troll dies!
The troll's corpse shimmers and vanishes!
You feel sick.
Your skin stops crawling.
You feel less strong-willed.
You feel sick.
You feel sick.
Your troll is no longer berserk.
You feel sick.
You feel sick.
You feel sick.
Your troll disappears in a puff of smoke!
You feel sick.
Mara weaves an illusion.
Mara shimmers and seems to become two!
You see here a black mamba corpse.
Mara blinks!
You feel sick. Mara gestures at you. The bolt of fire hits you!!!
You die...

###...... #.....#
##.......# ##....#
#........# #....##
........# ##....##
.......######......##
#......#.........##
#.....R.........).
#...†...........).
#@...........(....
#...##.............
#..#####...#####...
....# ##..# #...
.###.. ##.# #... #
### ### ####


You could see Mara.

Vanquished Creatures
  Vashnia (Snake:2)
  Nikola (Snake:2)
  Jorgrun (Snake:1)
  Gastronok (Lair:2)
  Donald (Snake:2)
  A nagaraja (Snake:3)
  Kirke (D:15)
  A frost giant (IceCv)
  The ghost of Chroloform the Basher, a journeyman MiBe of Trog (Lair:5)
  A dire elephant (Lair:6)
  An ice dragon (Lair:6)
  A yaktaur captain (D:15)
  2 boulder beetles (D:12)
  Fannar (D:10)
  Harold (Lair:1)
  5 hydras
  7 naga warriors
  Erica (D:8)
  A merfolk avatar (Lair:6)
  An ogre mage (D:13)
  4 two-headed ogres
  8 centaur warriors
  A death knight (D:14)
  5 anacondas
  A death yak (IceCv)
  15 naga sharpshooters
  4 orc high priests (Orc:2)
  Urug (D:11)
  5 shock serpents
  6 skeletal warriors
  2 salamander mystics
  5 unseen horrors
  A sea snake (Lair:6)
  3 naga ritualists
  2 wizards (D:14)
  A phantasmal warrior (D:14)
  Pikel (D:4)
  5 orc knights
  5 orc sorcerers (Orc:2)
  6 mana vipers
  A deep elf pyromancer (D:15)
  A manticore (D:15)
  2 cyclopes
  Joseph (D:7)
  9 salamanders
  28 black mambas
  3 guardian serpents
  11 elephants
  9 naga magi
  A centaur zombie (D:13)
  Maurice (D:9)
  A gargoyle (D:9)
  11 cane toads
  A kobold demonologist (D:14)
  A rime drake (shapeshifter) (D:14)
  4 centaur skeletons
  Psyche (D:11)
  16 komodo dragons
  A yaktaur (D:15)
  A redback zombie (D:15)
  7 rime drakes
  2 freezing wraiths (D:14)
  4 trolls
  A troll (shapeshifter) (D:15)
  27 polar bears
  Grinder (D:5)
  3 hornets
  3 wind drakes (Lair:6)
  26 blink frogs
  Prince Ribbit (Lair:1)
  A wind drake (shapeshifter) (D:14)
  A slime creature (D:12)
  A meliai zombie (D:13)
  3 shadows
  A spriggan (D:12)
  2 wraiths
  9 wyverns
  Eustachio (D:4)
  66 yaks
  2 steam dragons
  4 basilisks
  2 vampire mosquitoes (D:14)
  28 nagas
  Edmund (D:4)
  3 wargs
  A soldier ant (D:10)
  Duvessa (D:5)
  2 acid dragons
  18 water moccasins
  5 ice beasts
  23 orc warriors
  3 eyes of draining
  3 hornet zombies
  9 ogres
  8 sky beasts
  4 black bears
  18 centaurs
  3 necrophages
  29 wolves
  2 lemures (D:4)
  A phantom (D:5)
  An elf zombie (D:5)
  A kobold brigand (D:7)
  18 bullfrogs
  An elf skeleton (D:5)
  A wyvern zombie (D:10)
  A wyvern skeleton (D:13)
  3 water moccasin zombies (Ossuary)
  Dowan (D:5)
  A hornet simulacrum (D:15)
  3 scorpions
  10 killer bees (D:10)
  25 wights
  4 howler monkeys
  7 electric eels
  2 bullfrog zombies
  A crimson imp (D:5)
  4 quasits
  A human zombie (D:5)
  3 hounds
  4 jellies
  Crazy Yiuf (D:5)
  A bullfrog skeleton (D:12)
  17 orc priests
  A gnoll shaman (D:7)
  A human skeleton (D:5)
  Ijyb (D:4)
  3 iguanas
  23 orc wizards
  Natasha (thrice) (D:2)
  7 worker ants
  A hound skeleton (D:9)
  2 mummies (Ossuary)
  Robin (D:3)
  A howler monkey zombie (D:6)
  8 gnolls
  11 adders
  A howler monkey skeleton (D:8)
  2 shadow imps (D:5)
  A white imp (D:6)
  An ooze (D:1)
  An adder skeleton (D:9)
  6 adder zombies
  3 worms
  A dart slug (D:2)
  3 leopard geckos
  61 orcs
  3 giant cockroaches
  A gnoll zombie (Ossuary)
  27 goblins
  18 hobgoblins
  6 jackals
  6 quokkas
  6 ball pythons
  9 bats
  11 frilled lizards
  8 hobgoblin zombies (Ossuary)
  A jackal skeleton (D:6)
  35 kobolds
  2 kobold zombies (Ossuary)
  2 orc skeletons (D:5)
  3 orc zombies (Ossuary)
  8 rats
946 creatures vanquished.

Vanquished Creatures (collateral kills)
  A nagaraja (Snake:4)
  Aizul (Snake:1)
  Sigmund (D:4)
  3 nagas (Snake:4)
  A hound (D:4)
  2 hobgoblins (D:4)
9 creatures vanquished.

Vanquished Creatures (others)
  A yak (IceCv)
  2 wolves (IceCv)
  A centaur (D:13)
  An orc wizard (Orc:2)
  22 fungi
  64 plants
91 creatures vanquished.

Grand Total: 1046 creatures vanquished

Notes
Turn   | Place    | Note
-------+----------+-------------------------------------------
     0 | D:1      | jejorda2 the Hill Orc Berserker began the quest for the
                  | Orb.
     0 | D:1      | Reached XP level 1. HP: 19/19 MP: 1/1
    90 | D:1      | Reached XP level 2. HP: 22/27 MP: 2/2
   520 | D:1      | Reached XP level 3. HP: 32/33 MP: 3/3
  1099 | D:1      | Reached ** piety under Trog
  1271 | D:2      | Reached skill level 5 in Axes
  1292 | D:2      | Found an ornate altar of the Wu Jian Council.
  1386 | D:2      | Found a sparkling altar of Nemelex Xobeh.
  1447 | D:2      | Reached XP level 4. HP: 24/40 MP: 4/4
  1684 | D:2      | Noticed Natasha
  1745 | D:2      | Killed Natasha
  2163 | D:2      | Noticed Natasha
  2173 | D:2      | Found a glowing silver altar of Zin.
  2473 | D:3      | Reached XP level 5. HP: 40/47 MP: 5/5
  2646 | D:3      | Found an ancient bone altar of Kikubaaqudgha.
  2671 | D:3      | Reached *** piety under Trog
  2704 | D:3      | Reached skill level 6 in Axes
  2949 | D:3      | Noticed Robin
  2969 | D:3      | Killed Robin
  3116 | D:3      | Noticed an ogre
  3126 | D:3      | Killed an ogre
  3127 | D:3      | Reached skill level 5 in Fighting
  3127 | D:3      | Reached XP level 6. HP: 55/56 MP: 6/6
  3350 | D:2      | Killed Natasha
  3351 | D:2      | Reached skill level 7 in Axes
  3495 | D:2      | Noticed Natasha
  3503 | D:2      | Killed Natasha
  3546 | D:4      | Noticed Pikel
  3591 | D:4      | Killed Pikel
  3592 | D:4      | Reached skill level 8 in Axes
  3592 | D:4      | Reached skill level 5 in Armour
  3592 | D:4      | Reached XP level 7. HP: 40/63 MP: 7/7
  3729 | D:4      | You fall into a shaft and drop 2 floors!
  3776 | D:5      | Entered Level 5 of the Dungeon
  3784 | D:5      | Reached skill level 9 in Axes
  3784 | D:5      | Reached XP level 8. HP: 71/71 MP: 8/8
  3813 | D:5      | Found a shadowy altar of Dithmenos.
  3823 | D:5      | Found a staircase to the Ecumenical Temple.
  3858 | D:5      | Noticed Duvessa
  3859 | D:5      | Noticed Dowan
  3865 | D:5      | Reached **** piety under Trog
  3884 | D:5      | Killed Dowan
  3904 | D:5      | Killed Duvessa
  3907 | D:5      | Gained mutation: Potions are less effective at restoring
                  | your health. [potion of mutation]
  3907 | D:5      | Gained mutation: You are partially covered in molten
                  | scales. (AC +2) [potion of mutation]
  3978 | D:5      | Reached skill level 10 in Axes
  4092 | D:5      | Noticed Grinder
  4123 | D:5      | Killed Grinder
  4181 | D:5      | Reached skill level 11 in Axes
  4202 | D:5      | Reached XP level 9. HP: 71/79 MP: 9/9
  4205 | D:5      | Found a sand-covered staircase.
  4214 | Ossuary  | Entered an ossuary
  4501 | D:5      | Found Xuor's Magic Scroll Boutique.
  4524 | D:5      | Bought a scroll of identify for 20 gold pieces
  4524 | D:5      | Bought a scroll of blinking for 75 gold pieces
  4555 | D:5      | Found a burning altar of Makhleb.
  4556 | D:5      | Found a shimmering altar of Xom.
  4752 | D:5      | Found a runed translucent door.
  4753 | D:5      | Noticed Crazy Yiuf
  4764 | D:5      | Killed Crazy Yiuf
  4911 | D:5      | Found a radiant altar of Vehumet.
  4952 | D:5      | Reached skill level 12 in Axes
  5017 | D:5      | Found a broken altar of Ashenzari.
  5234 | D:4      | Noticed Ijyb
  5247 | D:4      | Killed Ijyb
  5295 | D:4      | Noticed Edmund
  5308 | D:4      | Killed Edmund
  5576 | D:4      | Reached skill level 13 in Axes
  5681 | D:4      | Noticed Eustachio
  5692 | D:4      | Killed Eustachio
  5694 | D:4      | Noticed Sigmund
  5696 | D:4      | Killed Sigmund
  6522 | D:6      | Found a white marble altar of Elyvilon.
  6602 | D:6      | Reached skill level 14 in Axes
  6702 | D:6      | Found a basalt altar of Yredelemnul.
  6805 | D:6      | Reached XP level 10. HP: 78/86 MP: 10/10
  6920 | D:6      | Upgraded the game from 0.27-a0-366-g8badd94918 to
                  | 0.27-a0-380-g150de4c316
  7136 | D:7      | Reached skill level 15 in Axes
  7136 | D:7      | Reached ***** piety under Trog
  7252 | D:7      | Noticed Joseph
  7274 | D:7      | Killed Joseph
  7413 | D:7      | Found a glowing golden altar of the Shining One.
  7892 | D:7      | Reached skill level 16 in Axes
  8168 | D:8      | Noticed Erica
  8186 | D:8      | Killed Erica
  8439 | D:8      | Reached skill level 17 in Axes
  8527 | D:8      | Noticed a centaur warrior
  8540 | D:8      | Killed a centaur warrior
  8541 | D:8      | Reached XP level 11. HP: 79/92 MP: 11/11
  9298 | D:9      | Found a flagged portal.
  9311 | Bailey   | Entered a bailey
  9360 | Bailey   | Reached skill level 18 in Axes
  9362 | Bailey   | Received a gift from Trog
  9363 | Bailey   | Got an ichor-stained battleaxe {god gift}
  9364 | Bailey   | Identified the +3 battleaxe of Slow Death {flame, rN+
                  | Will+} (Trog gifted it to you in a bailey)
  9874 | D:9      | Noticed Maurice
  9882 | D:9      | Killed Maurice
 10145 | D:9      | Found a staircase to the Lair.
 10184 | D:9      | Found a staircase to the Orcish Mines.
 10618 | D:9      | Reached skill level 19 in Axes
 10662 | D:9      | Found a burning altar of Makhleb.
 10785 | Lair:1   | Entered Level 1 of the Lair of Beasts
 10810 | Lair:1   | Received a gift from Trog
 11210 | Lair:1   | Noticed Harold
 11214 | Lair:1   | Reached skill level 20 in Axes
 11218 | Lair:1   | Reached skill level 1 in Evocations
 11225 | Lair:1   | Killed Harold
 11226 | Lair:1   | Reached XP level 12. HP: 63/100 MP: 12/12
 12213 | Lair:1   | Noticed Prince Ribbit
 12239 | Lair:1   | Killed Prince Ribbit
 12506 | Lair:2   | Noticed a six-headed hydra
 12513 | Lair:2   | Killed a three-headed hydra
 12915 | Lair:2   | Noticed Gastronok
 12928 | Lair:2   | Killed Gastronok
 13578 | Lair:3   | Found a staircase to the Swamp.
 13592 | Lair:3   | Reached skill level 5 in Evocations
 13909 | Lair:3   | Reached XP level 13. HP: 107/111 MP: 13/13
 13987 | Lair:3   | Reached skill level 5 in Dodging
 14283 | Lair:3   | Reached skill level 10 in Fighting
 14304 | Lair:3   | Found an iron altar of Okawaru.
 14720 | Lair:4   | Received a gift from Trog
 14738 | Lair:4   | Found a runed translucent gate.
 14834 | Lair:4   | Found a staircase to the Snake Pit.
 15748 | Lair:4   | Found a runed translucent gate.
 15749 | Lair:4   | Found a runed translucent gate.
 15750 | Lair:4   | Noticed runemage's ghost (journeyman GnFi)
 15756 | Lair:4   | Found a viscous altar of Jiyva.
 16245 | Lair:5   | Found a shimmering blue altar of Sif Muna.
 16266 | Lair:5   | Found a runed translucent door.
 16321 | Lair:5   | Noticed Chroloform's ghost (journeyman MiBe)
 16689 | Lair:5   | Found a staircase to the Slime Pits.
 16689 | Lair:5   | Found a viscous altar of Jiyva.
 17055 | Lair:6   | Entered Level 6 of the Lair of Beasts
 17142 | Lair:6   | Found a frozen archway.
 17147 | Lair:6   | Noticed an ice dragon
 17173 | Lair:6   | Killed an ice dragon
 17209 | IceCv    | Entered an ice cave
 17291 | IceCv    | Reached XP level 14. HP: 117/125 MP: 14/14
 17325 | IceCv    | Reached ****** piety under Trog
 17651 | IceCv    | Reached skill level 21 in Axes
 17764 | IceCv    | Received a gift from Trog
 17771 | IceCv    | Reached skill level 10 in Armour
 17876 | IceCv    | Noticed a frost giant
 17892 | IceCv    | Killed a frost giant
 19687 | Lair:6   | Noticed a dire elephant
 19696 | Lair:6   | Killed a dire elephant
 20310 | D:10     | Entered Level 10 of the Dungeon
 20488 | D:10     | Got a dazzling morningstar
 20489 | D:10     | Identified the +7 morningstar "Zir Hefoh" {vorpal, Will+
                  | Str-3 Int+5} (You found it on level 10 of the Dungeon)
 20590 | D:10     | Got a pitted ivory amulet
 20601 | D:10     | Identified the amulet of Yrhukuud {Spirit +Inv rC+ Stlth-}
                  | (You found it on level 10 of the Dungeon)
 20946 | D:10     | Noticed Fannar
 20960 | D:10     | Killed Fannar
 21844 | D:11     | Reached XP level 15. HP: 132/138 MP: 13/15
 21976 | D:11     | Noticed Psyche
 21982 | D:11     | Killed Psyche
 22044 | D:11     | Noticed Urug
 22054 | D:11     | Killed Urug
 22054 | D:11     | Received a gift from Trog
 23074 | D:12     | Reached skill level 22 in Axes
 23175 | D:12     | Found the +2 ratskin cloak {*Rats rPois rN+ Str-1 Int-1
                  | Dex+1}
 23195 | D:12     | Got a fine wooden ring
 23208 | D:12     | Identified the ring "Vauryul" {+Inv rC+ Str+5} (You found
                  | it on level 12 of the Dungeon)
 23963 | Orc:1    | Entered Level 1 of the Orcish Mines
 23967 | Orc:1    | Found Wiemumm's Distillery.
 23975 | Orc:1    | Bought a potion of ambrosia for 128 gold pieces
 23975 | Orc:1    | Bought a potion of experience for 800 gold pieces
 23975 | Orc:1    | Reached skill level 23 in Axes
 23975 | Orc:1    | Reached XP level 16. HP: 146/146 MP: 5/16
 23997 | Orc:1    | Found Zubol's Armour Emporium.
 24012 | Orc:1    | Found Runki's Jewellery Shop.
 24205 | Orc:2    | Entered Level 2 of the Orcish Mines
 24315 | Orc:2    | Found a staircase to the Elven Halls.
 25038 | Orc:2    | Received a gift from Trog
 25696 | Orc:2    | Paralysed by an orc sorcerer for 6 turns
 25767 | Orc:2    | Paralysed by an orc sorcerer for 4 turns
 25779 | Orc:2    | Found Rosablo's Magic Scroll Emporium.
 25779 | Orc:2    | Found Seaxio's Magic Scroll Shop.
 25781 | Orc:2    | Found Duibb's General Store.
 25781 | Orc:2    | Found Nuebb's General Store.
 25963 | Orc:2    | Bought a scroll of acquirement for 832 gold pieces
 25963 | Orc:2    | Bought a scroll of acquirement for 832 gold pieces
 25964 | Orc:2    | Acquired a +1 vorpal executioner's axe
 25966 | Orc:2    | Acquired the +9 crystal plate armour "Put-Me-On" {+Fly rN+
                  | rCorr Int+2}
 26766 | D:13     | Found a gate to the Vaults.
 26810 | D:13     | Found a hide-covered altar of Uskayaw.
 27138 | D:14     | Reached skill level 24 in Axes
 27241 | D:14     | Received a gift from Trog
 28198 | D:15     | Entered Level 15 of the Dungeon
 28438 | D:15     | Reached XP level 17. HP: 152/152 MP: 17/17
 28466 | D:15     | Found a staircase to the Depths.
 28544 | D:15     | Noticed Kirke
 28549 | D:15     | Killed Kirke
 28892 | D:15     | Got a dazzling lajatang
 28892 | D:15     | Identified the +6 lajatang "Jocsuugy" {venom, *Noise +Rage
                  | rN+++ Will++} (You found it on level 15 of the Dungeon)
 29367 | D:15     | Found a blossoming altar of Fedhas.
 29615 | Snake:1  | Entered Level 1 of the Snake Pit
 29635 | Snake:1  | Acquired 430 gold pieces
 29714 | Snake:1  | Noticed Jorgrun
 29733 | Snake:1  | Killed Jorgrun
 29938 | Snake:1  | Reached skill level 25 in Axes
 29942 | Snake:1  | Identified the +1 robe of Oniass {rPois rCorr Int-3 Stlth+}
 29955 | Snake:1  | Received a gift from Trog
 30886 | Snake:1  | Noticed Aizul
 30910 | Snake:1  | Killed Aizul
 31864 | Snake:2  | Reached skill level 26 in Axes
 32122 | Lair:5   | Killed Chroloform's ghost
 33162 | Snake:2  | Reached skill level 1 in Crossbows
 33571 | Snake:2  | Noticed Nikola
 33584 | Snake:2  | Killed Nikola
 33648 | Snake:2  | Found a white marble altar of Elyvilon.
 33648 | Snake:2  | Noticed Vashnia
 33661 | Snake:2  | Killed Vashnia
 34173 | Snake:2  | Noticed Donald
 34184 | Snake:2  | Killed Donald
 34185 | Snake:2  | Reached XP level 18. HP: 157/161 MP: 18/18
 34301 | Snake:2  | Reached skill level 5 in Crossbows
 35141 | Snake:3  | Found Dacig's Armour Shop.
 36165 | Snake:4  | Entered Level 4 of the Snake Pit
 36255 | Snake:4  | Noticed Mara
 36257 | Snake:4  | Received a gift from Trog
 36264 | Snake:4  | Noticed jejorda2's illusion
 36310 | Snake:4  | Killed from afar by Mara

Illustrated notes

Levels and vault maps discovered:
D:1:      kilobyte_arrival_exit_the_forest, layout_loops_ring, minmay_tall_x
D:2:      layout_basic, nemelex_xobeh_ov_fountains_minmay,
          nicolae_overflow_hidden_temple, serial_forest,
          infiniplex_forest_end_1, infiniplex_forest_clump_long,
          infiniplex_forest_clump_large, infiniplex_forest_diagonal,
          infiniplex_forest_clump_medium, infiniplex_forest_lined_corner,
          minmay_tromino_i2, uniq_natasha
D:3:      minmay_razor_zed, layout_loops_ring, lemuel_crystal_altar,
          hangedman_decor_peaks_small, uniq_robin
D:4:      layout_cave_pods, sigmund_army, uniq_edmund, uniq_pikel,
          uniq_eustachio, uniq_ijyb
D:5:      minmay_opposing_rooms, layout_cave_pools,
          grunt_temple_overflow_champion_of_chaos, grunt_dithmenos_shadows,
          lemuel_coloured_pillars_altar, minmay_temple_entry_sparse_star,
          serial_shops, nicolae_shop_window_shopping, basic_altar,
          nicolae_ossuary_entry_catacombs, uniq_duvessa, uniq_grinder,
          uniq_crazy_yiuf_cottage
D:6:      minmay_bubble_buster, layout_basic, kennysheep_ying_yang,
          minmay_statues_item
D:7:      layout_loops_ring, tso_metal_star, uniq_joseph
D:8:      layout_layer_cave, uniq_erica
D:9:      layout_loops_ring, david_lair_generic, enter_bailey_3,
          chequers_serial_rivers_room_a, makhleb_blood_cavern_becter,
          uniq_maurice
D:10:     layout_grid_maze, minmay_diamond_spiral, uniq_fannar
D:11:     layout_irregular_city, uniq_urug, uniq_psyche
D:12:     minmay_the_grid_octo_triangle [minmay_the_grid_octo_concentric,
          minmay_the_grid_octo_prize_square_snowflake,
          minmay_the_grid_octo_tetromino_candy], layout_loops_corners,
          the_bakery
D:13:     layout_rooms, hangedman_vaults_entry_quadrant_bands, basic_altar,
          fungi_pond_lemuel
D:14:     layout_roguey, minmay_misc_feat_rugged
D:15:     grunt_enter_depths_snipers, layout_stronghold, fountainhead,
          fedhas_altar_4, uniq_kirke
Lair:1:   layout_layer_cave, beast_lair_carwin_6, grunt_megastairs_1,
          uniq_prince_ribbit2, uniq_harold
Lair:2:   layout_gridlike, infiniplex_staircase_pool, lemuel_fruit_fields,
          uniq_gastronok
Lair:3:   layout_chaotic_city, swamp_mist, basic_altar, serial_bayou_shore_a,
          grunt_megastairs_2
Lair:4:   layout_cave_shapes, minmay_snake_entry_six_corridors,
          gammafunk_ghost_ooze
Lair:5:   layout_layer_cave, slime_altar_1, ebering_ghost_reflecting_pool,
          basic_altar, chequers_serial_rivers_small_3, lemuel_fruit_fields,
          grunt_megastairs_3
Lair:6:   gammafunk_lair_ancient_temple, layout_cave_shapes,
          portal_ice_cave_entry_animals_and_master, serial_bayou_pond_b
Snake:1:  layout_chambers, uniq_jorgrun, uniq_aizul
Snake:2:  layout_basic, basic_altar, drop_trap, uniq_vashnia, uniq_nikola,
          uniq_donald
Snake:3:  layout_misc_corridors, serial_shops, shop, st_stairs_12
Snake:4:  grunt_snake_rune_pools, layout_cave_town, uniq_mara
Orc:1:    layout_diamond_mine, serial_shops, shop, shop_statue, shop
Orc:2:    grunt_orc_tribal_feast, layout_diamond_mine,
          nicolae_orc_sculptors_studio

Skill      XL: |  1  2  3  4  5  6  7  8  9 10 11 12 13 14 15 16 17 18 |
---------------+-------------------------------------------------------+-----
Fighting       | 4 5 6 7 9 11 14 | 14.6
Axes           | 5 6 8 9 11 14 17 20 21 23 24 26 | 26.0
Armour         | 3 5 6 7 8 9 11 12 13 14 | 14.9
Evocations     | 1 5 7 |  7.0
Dodging        | 2 4 6 |  6.6
Crossbows      | 4 6 |  6.8

Action                   |  1- 3 |  4- 6 |  7- 9 | 10-12 | 13-15 | 16-18 || total
-------------------------+-------+-------+-------+-------+-------+-------++-------
Melee: Hand axe          |   111 |   197 |    66 |       |       |       ||   374
       War axe           |       |       |   303 |       |       |       ||   303
       Battleaxe         |       |       |    37 |   573 |   717 |       ||  1327
       Executioner's axe |       |       |       |       |    95 |   929 ||  1024
 Fire: Arbalest          |       |       |       |       |       |    10 ||    10
Throw: Dart              |    10 |     1 |       |    42 |    19 |    12 ||    84
       Boomerang         |       |       |       |     3 |       |       ||     3
Invok: Berserk           |     2 |     5 |     3 |     3 |     3 |     5 ||    21
       Trog's Hand       |       |     2 |     5 |     2 |     3 |     6 ||    18
       Brothers in Arms  |       |       |     1 |       |       |     1 ||     2
 Abil: Evoke Flight      |       |       |       |       |     2 |     1 ||     3
Evoke: Wand              |       |       |       |       |     3 |     1 ||     4
  Use: Scroll            |       |       |    10 |     8 |     5 |     7 ||    30
       Potion            |       |       |     7 |     2 |     1 |     2 ||    12
 Stab: Invisible         |       |       |     1 |       |       |       ||     1
       Distracted        |       |       |       |       |     1 |     1 ||     2
       Paralysed         |       |       |       |       |       |     1 ||     1
Armor: Leather armour    |    12 |       |       |       |       |       ||    12
       Ring mail         |    26 |    38 |       |       |       |       ||    64
       Scale mail        |       |    26 |    40 |       |       |       ||    66
       Chain mail        |       |       |   176 |   270 |   304 |    51 ||   801
       Skin              |       |       |    10 |       |       |     3 ||    13
       Ice dragon scales |       |       |       |       |    74 |       ||    74
       Crystal plate arm |       |       |       |       |       |   517 ||   517
Dodge: Dodged            |    62 |   103 |   125 |   207 |   290 |   432 ||  1219
Block: Other             |       |       |       |    35 |    95 |       ||   130
       Reflection        |       |       |       |     1 |       |       ||     1

Table legend: (Time is in decaauts)
 A = Elapsed time spent in this place.
 B = Non-inter-level travel time spent in this place.
 C = Inter-level travel time spent in this place.
 D = Time resting spent in this place.
 E = Time spent auto-exploring this place.
 F = Levels seen in this place.
 G = Mean time per level.
                   A        B        C        D        E       F      G
               +--------+--------+--------+--------+--------+-----+--------+
         Total |  35975 |  33098 |   2877 |   1580 |  25060 |  30 | 1199.2 |
       Dungeon |  18081 |  16206 |   1875 |    475 |  12502 |  15 | 1205.4 |
          Lair |   8707 |   8163 |    544 |    410 |   6463 |   6 | 1451.2 |
     Snake Pit |   5431 |   5149 |    282 |     36 |   4228 |   4 | 1357.8 |
  Orcish Mines |   2139 |   1964 |    175 |    274 |   1237 |   2 | 1069.5 |
       Ossuary |    250 |    250 |      0 |      0 |    126 |   1 |  250.0 |
        Bailey |    290 |    290 |      0 |     37 |     51 |   1 |  290.0 |
      Ice Cave |   1075 |   1075 |      0 |    347 |    452 |   1 | 1075.0 |
               +--------+--------+--------+--------+--------+-----+--------+

Top non-repeatable levels by time:
 Snake:1: 2207 daAuts
 Snake:2: 1850 daAuts
  Lair:1: 1778 daAuts
  Lair:5: 1744 daAuts
  Lair:6: 1629 daAuts
    D:12: 1493 daAuts
     D:9: 1407 daAuts
     D:8: 1379 daAuts
    D:15: 1358 daAuts
    D:10: 1348 daAuts
   Orc:2: 1341 daAuts
  Lair:3: 1277 daAuts
     D:1: 1232 daAuts
 Snake:3: 1232 daAuts
     D:5: 1231 daAuts
